 Dungeon Crawl Stone Soup version 0.25-b1-29-g4cfa5c7 (webtiles) character file.

Game seed: 2690738404127795314, levelgen mode: deterministic

98 Dorkslayer the Skirmisher (level 4, 0/35 HPs)
             Began as a Demonspawn Fighter on June 4, 2020.
             Slain by a worm (5 damage)
             ... on level 2 of the Dungeon.
             The game lasted 00:03:29 (1187 turns).

Dorkslayer the Skirmisher (Demonspawn Fighter)      Turns: 1187, Time: 00:03:30

Health: 0/35       AC:  8    Str: 18      XL:     4   Next: 43%
Magic:  4/4        EV:  7    Int:  7 (9)  God:
Gold:   52         SH:  8    Dex: 10 (12) Spells: 3/3 levels left

rFire    . . .     SeeInvis .   a - +0 long sword
rCold    . . .     Gourm    .   c - +0 kite shield
rNeg     . . .     Faith    .   b - +0 scale mail
rPois    .         Spirit   .   (no helmet)
rElec    .         Reflect  .   (no cloak)
rCorr    .         Harm     .   (no gloves)
MR       .....                  e - +0 pair of boots
Stlth    ..........             (no amulet)
HPRegen  0.11/turn              (no ring)
MPRegen  0.09/turn              (no ring)

@: no status effects
A: powered by pain 2, rot immunity
a: no special abilities


You were on level 2 of the Dungeon.
You were not hungry.

You visited 1 branch of the dungeon, and saw 2 of its levels.

You collected 52 gold pieces.

Inventory:

Hand Weapons
 a - a +0 long sword (weapon)
Armour
 b - a +0 scale mail (worn)
 c - a +0 kite shield (worn)
 e - a +0 pair of boots (worn)
Scrolls
 j - a scroll of fear {unknown}
 k - a scroll of remove curse {unknown}
Potions
 d - a potion of might
Comestibles
 f - 4 rations
 g - 10 chunks of flesh


   Skills:
 + Level 3.5 Fighting
 + Level 2.7 Long Blades
 * Level 1.0 Throwing
 + Level 3.2 Armour
 + Level 0.5 Dodging
 + Level 3.0 Shields


You had 3 spell levels left.
You didn't know any spells.
Your spell library was empty.

Dungeon Overview and Level Annotations

Branches:
Dungeon (2/15)

Altars:


Innate Abilities, Weirdness & Mutations

You sometimes gain power by taking damage.
You are immune to rotting.


Message History

You hit the worm but do no damage. The worm bites you but does no damage.
You hit the worm.
The worm is lightly wounded.
You hit the worm but do no damage.
The worm is lightly wounded.
The worm bites you but does no damage.
You hit the worm.
The worm is heavily wounded.
You block the worm's attack.
You hit the worm.
The worm is heavily wounded.
The worm bites you!
* * * LOW HITPOINT WARNING * * *
Your shield and scale mail prevent you from hitting the worm.
The worm is heavily wounded.
The worm closely misses you.
You slash the worm!
The worm is almost dead.
The worm bites you.
You die...

#. #.#####
#..#..###
#.......###
#.##......###
#'#......###
#รท###......###
#...###......###
###.@.###...)..#+#
###w..###......#
#..##......##
.##......###
##......##.#
##......##..#
##......##..##
##......##....#
##......##..##.#


You could see a worm.

Vanquished Creatures
  A crimson imp (D:2)
  3 adders (D:2)
  A worm (D:2)
  3 dart slugs
  A leopard gecko (D:1)
  An orc (D:2)
  2 bats (D:1)
  2 giant cockroaches (D:1)
  2 goblins
  5 hobgoblins
  3 kobolds (D:1)
  2 frilled lizards (D:2)
  2 rats (D:2)
28 creatures vanquished.

Notes
Turn   | Place    | Note
-------+----------+-------------------------------------------
     0 | D:1      | Dorkslayer the Demonspawn Fighter began the quest for the
                  | Orb.
     0 | D:1      | Reached XP level 1. HP: 18/18 MP: 1/1
   190 | D:1      | Gained mutation: You sometimes gain a little power by
                  | taking damage. [demonic ancestry]
   190 | D:1      | Reached XP level 2. HP: 23/24 MP: 2/2
   718 | D:2      | Gained mutation: You sometimes gain power by taking damage.
                  | [demonic ancestry]
   718 | D:2      | Reached XP level 3. HP: 17/29 MP: 3/3
  1077 | D:2      | Gained mutation: You are immune to rotting. [demonic
                  | ancestry]
  1077 | D:2      | Reached XP level 4. HP: 23/35 MP: 4/4
  1167 | D:2      | Reached skill level 1 in Throwing
  1187 | D:2      | Slain by a worm

Illustrated notes

Levels and vault maps discovered:
D:1:      minmay_arrival_five_plusses, layout_rooms, hangedman_decor_push
D:2:      minmay_razor_zed, layout_loops_corners, uniq_jessica

Skill      XL: |  1  2  3  4 |
---------------+-------------+-----
Long Blades    | 2 |  2.7
Armour         | 3 |  3.2
Throwing       | 1 |  1.0
Shields        | 3 |  3.0
Fighting       | |  3.5
Dodging        | |  0.5

Action                   |  1- 3 |  4- 6 || total
-------------------------+-------+-------++-------
Melee: Long sword        |   102 |    33 ||   135
  Use: Scroll            |     1 |       ||     1
       Potion            |     1 |       ||     1
  Eat: Chunk             |     1 |       ||     1
Armor: Scale mail        |    64 |    16 ||    80
Dodge: Dodged            |    24 |    10 ||    34
Block: Kite shield       |    39 |    14 ||    53
       Rpst.: Long sword |     6 |     6 ||    12
